Map: Abyssal Reef LE

Players

A.I. 1 (Elite) - Winner!

  • Race: Zerg Zerg
  • Spawn Location: 5:00

A.I. 2 (Elite)

  • Race: Terran Terran
  • Spawn Location: 11:00

VOD

Have the link to the VOD?

Description

Time

  • Played on: July 12, 2017, 6:33 p.m.
  • Length: 20:56
Show
View Real Time Build Order
Export as new Build Order

A.I. 1 (Elite) Zerg - Winner!

Build Orders: Pool First 

Get SALT Encoding   

  12  0:18  Spawning Pool  
  11  0:21  Drone  
  11  0:26  Drone  
  13  0:31  Drone  
  14  0:40  Overlord  
  14  1:06  Zergling x6, Queen  
  19  1:16  Zergling x2  
  20  1:27  Zergling x2  
  21  1:38  Zergling x2  
  22  1:49  Overlord  
  22  2:07  Zergling x2  
  23  2:10  Zergling x2, Hatchery  
  23  2:13  Drone  
  24  2:17  Zergling x2  
  24  2:22  Zergling x2  
  26  2:27  Zergling x2  
  27  2:38  Overlord  
  25  2:44  Zergling x2  
  25  2:48  Zergling x2  
  24  2:53  Zergling x2  
  24  2:57  Zergling x2  
  25  3:06  Zergling x2  
  26  3:15  Extractor  
  26  3:16  Drone x2  
  27  3:36  Zergling x2  
  27  3:38  Zergling x2  
  27  3:40  Zergling x2  
  25  3:44  Zergling x2  
  25  3:47  Zergling x2  
  26  4:05  Extractor, Drone  
  26  4:11  Drone  
  26  4:15  Drone  
  28  4:19  Drone  
  28  4:22  Drone  
  30  4:26  Drone  
  30  4:30  Drone  
  32  4:34  Drone  
  32  4:35  Baneling Nest  
  32  4:38  Drone  
  33  4:47  Roach Warren  
  33  4:48  Drone  
  33  4:55  Lair  
  33  5:15  Extractor  
  33  5:16  Drone  
  33  5:20  Baneling  
  34  5:21  Drone  
  34  5:25  Extractor  
  34  5:26  Drone  
  36  5:28  Roach  
  36  5:32  Overlord  
  36  5:39  Roach  
  38  5:44  Roach  
  38  5:46  Drone  
  41  5:51  Roach  
  41  5:55  Hydralisk Den  
  41  5:56  Drone  
  43  5:59  Roach  
  45  6:05  Overlord  
  45  6:11  Roach  
  47  6:14  Drone  
  47  6:17  Drone  
  48  6:21  Drone  
  48  6:24  Drone, Hydralisk  
  52  6:30  Hydralisk  
  54  6:37  Overlord  
  54  6:40  Drone  
  54  6:44  Drone  
  56  6:47  Drone  
  56  6:50  Drone  
  56  6:53  Drone  
  59  6:57  Drone  
  59  7:00  Drone  
  61  7:05  Overlord  
  61  7:08  Drone  
  62  7:11  Drone  
  62  7:13  Drone  
  64  7:16  Drone  
  64  7:18  Drone  
  64  7:22  Drone  
  67  7:27  Drone  
  67  7:29  Overlord  
  68  7:31  Drone  
  68  7:34  Drone  
  68  7:35  Drone  
  71  7:39  Drone  
  71  7:41  Overseer  
  71  7:43  Drone  
  73  7:49  Drone  
  74  7:54  Drone  
  75  8:00  Overlord  
  75  8:02  Roach, Drone x2  
  75  8:03  Infestation Pit  
  75  8:05  Drone  
  79  8:12  Drone  
  80  8:15  Drone  
  80  8:16  Metabolic Boost, Baneling x3  
  80  8:17  Baneling  
  80  8:18  Evolution Chamber  
  80  8:23  Overlord  
  80  8:26  Hatchery  
  79  8:30  Drone  
  79  8:33  Drone  
  81  8:34  Roach  
  81  8:36  Roach  
  81  8:38  Roach  
  81  8:39  Infestor  
  89  8:45  Overlord  
  89  8:46  Zerg Melee Weapons Level 1  
  89  8:47  Infestor  
  91  8:55  Ravager x2, Evolution Chamber  
  91  8:58  Roach  
  91  9:00  Roach  
  96  9:05  Overlord, Hydralisk  
  96  9:08  Hydralisk  
  100  9:11  Infestor  
  100  9:14  Infestor  
  104  9:19  Roach  
  104  9:20  Roach  
  104  9:21  Zerg Ground Armor Level 1  
  108  9:29  Overlord  
  108  9:30  Roach, Pathogen Glands  
  110  9:38  Drone x3  
  112  9:39  Drone  
  112  9:41  Drone  
  112  9:42  Drone  
  116  9:48  Overlord  
  116  9:52  Drone x2  
  118  9:59  Drone  
  119  10:03  Drone x2  
  119  10:04  Spine Crawler  
  114  10:09  Zergling x4, Hatchery, Drone  
  114  10:10  Drone  
  114  10:13  Drone  
  117  10:15  Drone  
  117  10:20  Drone  
  119  10:24  Drone  
  119  10:26  Drone  
  121  10:29  Spine Crawler  
  121  10:30  Glial Reconstitution, Neural Parasite  
  121  10:31  Drone  
  121  10:32  Queen  
  121  10:34  Overlord  
  123  10:36  Drone  
  123  10:38  Queen  
  123  10:40  Zergling x2, Zerg Missile Weapons Level 1, Hydralisk  
  123  10:41  Zergling x2  
  123  10:42  Zergling x2  
  122  10:43  Pneumatized Carapace  
  122  10:45  Roach  
  122  10:48  Roach  
  122  10:49  Lurker Den  
  122  10:53  Roach  
  122  10:56  Roach  
  126  10:59  Roach  
  126  11:00  Overseer  
  126  11:03  Overlord  
  128  11:06  Hydralisk  
  128  11:08  Spore Crawler  
  128  11:09  Hydralisk  
  128  11:11  Spore Crawler  
  130  11:13  Roach, Spine Crawler, Ravager  
  130  11:14  Roach x3  
  130  11:16  Ravager  
  130  11:17  Zergling x2  
  130  11:21  Roach, Drone, Evolution Chamber  
  130  11:23  Zerg Melee Weapons Level 2  
  130  11:24  Drone  
  128  11:28  Drone  
  128  11:31  Drone  
  128  11:32  Drone  
  129  11:35  Drone  
  129  11:39  Drone  
  128  11:41  Roach, Drone  
  128  11:42  Drone x2  
  128  11:43  Overlord, Extractor  
  128  11:44  Roach, Drone  
  128  11:45  Roach  
  135  11:47  Roach  
  135  11:50  Roach  
  132  11:54  Zergling x2, Spire  
  132  11:55  Drone  
  132  11:58  Zergling x2  
  132  12:00  Zergling x2  
  124  12:04  Extractor, Drone  
  124  12:06  Extractor  
  124  12:07  Drone  
  117  12:08  Extractor  
  117  12:10  Drone  
  117  12:15  Spine Crawler  
  116  12:16  Drone  
  116  12:17  Hive, Spine Crawler, Drone  
  116  12:22  Queen  
  119  12:40  Zerg Missile Weapons Level 2, Hatchery  
  119  12:41  Drone  
  119  12:50  Zerg Ground Armor Level 2  
  119  12:56  Spore Crawler  
  119  12:57  Drone  
  119  12:58  Spore Crawler  
  119  12:59  Drone  
  119  13:00  Spine Crawler  
  119  13:02  Drone  
  119  13:06  Corruptor x2  
  119  13:08  Mutalisk  
  119  13:09  Mutalisk  
  127  13:13  Mutalisk  
  127  13:18  Mutalisk  
  131  13:23  Mutalisk  
  133  13:27  Mutalisk  
  133  13:30  Viper  
  133  13:32  Mutalisk  
  133  13:33  Overlord  
  133  13:34  Greater Spire, Spine Crawler, Drone  
  139  13:36  Spine Crawler  
  139  13:37  Mutalisk, Drone  
  139  13:40  Spine Crawler  
  139  13:41  Corruptor, Drone  
  142  13:42  Mutalisk, Spore Crawler  
  142  13:44  Corruptor, Spine Crawler, Drone  
  142  13:46  Spore Crawler, Drone  
  142  13:48  Mutalisk, Drone  
  148  13:50  Spine Crawler  
  148  13:51  Overlord  
  148  13:52  Drone, Queen  
  148  13:53  Mutalisk  
  154  13:58  Mutalisk  
  154  14:00  Extractor  
  154  14:01  Drone  
  156  14:03  Extractor  
  156  14:04  Drone  
  156  14:17  Spore Crawler  
  156  14:18  Drone  
  156  14:19  Mutalisk  
  156  14:22  Drone, Spore Crawler  
  158  14:25  Overlord, Mutalisk  
  158  14:28  Spore Crawler  
  158  14:29  Mutalisk, Drone, Overseer  
  162  14:31  Spine Crawler, Lair  
  162  14:32  Drone  
  162  14:33  Hatchery  
  162  14:35  Drone  
  162  14:37  Overseer  
  162  14:39  Burrow  
  162  14:42  Mutalisk  
  164  14:46  Overlord, Corruptor, Zerg Flyer Weapons Level 1  
  164  14:47  Brood Lord  
  164  14:52  Brood Lord  
  170  14:55  Corruptor  
  172  15:10  Zerg Missile Weapons Level 3  
  172  15:16  Spore Crawler  
  172  15:17  Drone  
  172  15:23  Overlord, Corruptor  
  172  15:24  Brood Lord  
  176  15:32  Corruptor, Brood Lord  
  180  15:36  Corruptor  
  180  15:39  Zergling x4  
  180  15:40  Zergling x2  
  180  15:41  Zergling x2  
  180  15:42  Zergling x2  
  187  15:43  Zergling x2  
  187  15:44  Zergling x2  
  187  15:45  Zergling x4  
  187  15:46  Baneling  
  187  15:47  Zergling x2  
  187  15:48  Zerg Melee Weapons Level 3  
  189  15:52  Queen  
  175  15:58  Corruptor  
  175  16:02  Baneling  
  175  16:03  Baneling  
  177  16:04  Spine Crawler  
  177  16:05  Viper  
  177  16:07  Drone  
  177  16:08  Spine Crawler  
  177  16:09  Drone  
  177  16:10  Mutalisk  
  167  16:13  Mutalisk  
  167  16:16  Corruptor  
  169  16:24  Spore Crawler  
  162  16:26  Drone  
  162  16:28  Mutalisk  
  163  16:34  Mutalisk  
  163  16:35  Corruptor, Brood Lord  
  169  16:41  Hatchery  
  169  16:44  Drone  
  167  16:51  Zergling x2, Spore Crawler  
  167  16:53  Drone  
  167  16:54  Mutalisk x2  
  159  16:55  Drone, Spore Crawler  
  159  16:59  Spore Crawler  
  159  17:00  Drone  
  162  17:02  Drone, Hydralisk Den  
  162  17:05  Mutalisk  
  162  17:08  Mutalisk  
  162  17:10  Mutalisk  
  162  17:11  Zergling x2  
  162  17:12  Brood Lord  
  162  17:15  Zergling x2  
  169  17:16  Corruptor  
  169  17:19  Mutalisk  
  173  17:24  Corruptor  
  173  17:27  Corruptor  
  177  17:30  Spore Crawler  
  177  17:31  Drone  
  177  17:32  Corruptor  
  177  17:35  Corruptor  
  181  17:38  Corruptor  
  181  17:41  Corruptor  
  184  17:53  Zergling x2  
  184  17:54  Zerg Ground Armor Level 3, Brood Lord  
  184  17:55  Queen  
  184  17:57  Spine Crawler  
  184  17:59  Drone  
  184  18:00  Spine Crawler  
  184  18:01  Drone  
  178  18:05  Mutalisk  
  178  18:06  Drone, Spore Crawler  
  178  18:11  Mutalisk x2  
  178  18:12  Mutalisk  
  186  18:15  Mutalisk  
  188  18:21  Corruptor  
  188  18:23  Hatchery  
  188  18:25  Drone  
  190  18:29  Zerg Flyer Weapons Level 2  
  190  18:37  Viper  
  190  18:40  Spore Crawler  
  190  18:41  Drone  
  193  18:44  Spore Crawler  
  193  18:47  Viper, Drone  
  196  18:55  Extractor  
  195  18:56  Mutalisk, Drone  
  195  18:57  Extractor  
  195  18:58  Extractor, Drone  
  197  19:08  Extractor, Drone  
  197  19:13  Spine Crawler, Drone  
  197  19:19  Spine Crawler, Drone  
  197  19:23  Drone, Spore Crawler  
  197  19:50  Extractor, Drone  
  197  19:54  Drone  
  197  19:55  Roach, Spine Crawler  
  197  19:59  Drone, Spore Crawler  
  199  20:04  Spine Crawler, Drone  
  199  20:06  Spore Crawler  
  199  20:07  Drone  
  199  20:10  Spine Crawler  
  199  20:11  Drone  
  199  20:14  Drone, Spore Crawler  
  199  20:17  Spine Crawler, Drone  
  199  20:20  Spore Crawler  
  199  20:21  Drone  
  199  20:23  Extractor  
  199  20:24  Drone  
  199  20:28  Drone, Spore Crawler  
  199  20:31  Spine Crawler  
  199  20:32  Drone  
  199  20:35  Drone, Spore Crawler  
  199  20:38  Spine Crawler, Drone  
  199  20:41  Spine Crawler, Drone  
  199  20:43  Spine Crawler  
  199  20:44  Drone  
Show
View Real Time Build Order
Export as new Build Order

A.I. 2 (Elite) Terran 

Build Orders: Command Center First (CC), Mech 

Get SALT Encoding   

  12  0:00  SCV  
  13  0:13  SCV  
  14  0:18  Supply Depot  
  14  0:25  SCV  
  15  0:40  SCV  
  16  0:52  SCV  
  17  1:03  Command Center  
  17  1:04  SCV  
  18  1:16  Barracks  
  18  1:18  SCV  
  19  1:41  Refinery  
  19  1:54  Supply Depot  
  19  1:56  SCV  
  20  2:03  Marine  
  20  2:08  SCV  
  21  2:11  Refinery  
  22  2:21  Marine, Orbital Command  
  19  2:39  Marine  
  19  2:46  SCV  
  19  2:56  Marine  
  20  2:58  SCV  
  20  3:10  SCV  
  21  3:14  Marine  
  22  3:22  SCV  
  22  3:32  Supply Depot, Marine  
  22  3:34  SCV  
  22  3:47  SCV  
  23  3:50  Marine  
  24  3:59  SCV  
  25  4:08  Marine  
  26  4:11  SCV  
  27  4:23  Factory, SCV  
  28  4:35  SCV  
  29  4:38  Marine  
  29  4:41  Factory  
  30  4:47  SCV  
  31  4:56  Marine  
  31  4:59  SCV  
  33  5:04  Supply Depot  
  33  5:11  SCV  
  33  5:13  Factory Tech Lab, Command Center  
  34  5:23  SCV  
  34  5:24  Factory Tech Lab  
  34  5:25  Marine  
  36  5:32  Hellion  
  38  5:35  SCV  
  38  5:39  Supply Depot  
  41  5:42  Hellion  
  41  5:48  SCV  
  42  5:53  Siege Tank  
  45  6:00  SCV  
  45  6:04  Siege Tank  
  49  6:08  Supply Depot  
  48  6:12  SCV  
  49  6:24  SCV  
  49  6:25  Barracks, Siege Tank  
  53  6:26  SCV  
  54  6:36  SCV, Hellion  
  54  6:38  SCV  
  58  6:47  Barracks Tech Lab  
  58  6:48  SCV  
  58  6:50  SCV  
  60  6:57  Siege Tank, Hellion  
  60  7:00  SCV  
  66  7:02  SCV  
  67  7:10  Armory  
  67  7:12  SCV  
  67  7:15  Armory, SCV  
  69  7:23  Command Center  
  69  7:24  SCV  
  70  7:35  SCV  
  70  7:36  Supply Depot, SCV  
  72  7:43  Factory  
  72  7:45  Siege Tank  
  75  7:55  Siege Tank  
  75  7:57  Refinery  
  78  7:59  Terran Vehicle Weapons Level 1  
  78  8:01  Supply Depot  
  78  8:02  Terran Vehicle And Ship Armor Level 1  
  78  8:07  Refinery, Marine  
  78  8:09  Marine  
  80  8:17  Hellion  
  82  8:22  Orbital Command  
  82  8:23  Infernal Pre-Igniter  
  82  8:28  Hellion  
  82  8:29  Engineering Bay  
  82  8:32  Supply Depot  
  82  8:33  SCV  
  85  8:35  SCV  
  86  8:42  Marauder  
  86  8:45  SCV  
  86  8:47  SCV  
  86  8:48  SCV  
  91  8:57  SCV, Missile Turret  
  91  8:59  SCV, Missile Turret  
  91  9:00  SCV  
  94  9:03  Marauder  
  94  9:05  Terran Infantry Weapons Level 1  
  94  9:09  SCV  
  97  9:11  SCV  
  97  9:13  SCV  
  99  9:20  Engineering Bay  
  99  9:21  SCV  
  99  9:23  SCV  
  101  9:25  SCV  
  102  9:32  Marauder  
  102  9:33  SCV  
  102  9:34  Supply Depot  
  102  9:35  SCV  
  102  9:37  SCV  
  107  9:42  Command Center, Missile Turret  
  107  9:45  Terran Infantry Armor Level 1, SCV  
  107  9:47  Orbital Command  
  107  9:51  SCV  
  109  9:54  Marauder  
  109  9:57  SCV  
  109  9:58  Supply Depot  
  112  10:00  Terran Vehicle Weapons Level 2  
  112  10:03  SCV  
  103  10:07  Marine  
  103  10:12  Hellion  
  103  10:13  Missile Turret  
  90  10:15  Marauder  
  90  10:16  Hellion  
  90  10:19  Hellion  
  87  10:25  Marine  
  88  10:33  Siege Tank  
  91  10:36  Marine  
  91  10:37  Hellion  
  91  10:40  Cyclone  
  92  10:43  Marine  
  84  10:54  Marine  
  83  10:58  Siege Tank  
  83  11:01  Marine  
  83  11:02  Starport  
  83  11:04  Widow Mine, Missile Turret  
  83  11:05  SCV  
  83  11:07  SCV  
  83  11:10  SCV  
  81  11:12  Marauder, Cyclone  
  81  11:18  SCV  
  77  11:19  Marine  
  77  11:20  SCV  
  69  11:31  Hellion  
  62  11:33  Marine  
  62  11:34  Hellion  
  62  11:37  Marine  
  50  11:41  Medivac  
  42  11:48  SCV  
  42  11:51  SCV, Marine  
  42  11:52  Siege Tank  
  45  11:54  SCV x2  
  45  11:55  Marine  
  45  12:00  SCV  
  41  12:03  SCV  
  41  12:06  SCV  
  41  12:07  SCV  
  38  12:08  Marine  
  38  12:12  SCV  
  38  12:13  Marine  
  41  12:15  SCV  
  41  12:20  SCV  
  43  12:24  SCV  
  43  12:26  Marine, SCV  
  46  12:31  SCV, Marine  
  46  12:32  SCV  
  49  12:37  SCV  
  49  12:39  SCV  
  49  12:43  SCV  
  52  12:44  SCV, Marine  
  52  12:48  Hellion  
  52  12:51  SCV, Hellion  
  59  12:53  SCV  
  59  12:55  SCV  
  59  12:57  SCV  
  61  13:03  SCV  
  62  13:07  SCV  
  62  13:08  Marauder  
  62  13:09  Siege Tank, SCV  
  62  13:10  SCV  
  70  13:15  SCV  
  70  13:18  Siege Tank  
  70  13:19  SCV  
  75  13:21  SCV  
  75  13:23  SCV  
  77  13:27  SCV  
  77  13:29  Marauder  
  77  13:31  SCV  
  77  13:33  SCV  
  82  13:39  SCV  
  84  13:41  SCV  
  84  13:43  SCV  
  84  13:46  SCV  
  86  13:49  Siege Tank  
  86  13:51  SCV, Marauder  
  86  13:53  SCV  
  93  13:55  SCV  
  93  13:58  Siege Tank, SCV  
  93  14:02  Hellion  
  100  14:04  SCV  
  100  14:06  Marine  
  100  14:08  SCV  
  100  14:09  SCV  
  104  14:10  SCV  
  104  14:12  Marauder  
  104  14:16  SCV  
  108  14:17  Terran Infantry Weapons Level 2  
  108  14:20  SCV  
  108  14:21  Hellion  
  108  14:22  SCV  
  108  14:23  Marine, SCV  
  114  14:28  SCV  
  114  14:29  Terran Vehicle Weapons Level 3  
  115  14:31  Missile Turret  
  115  14:32  SCV  
  115  14:33  Marauder, Missile Turret  
  115  14:34  SCV  
  115  14:36  Command Center  
  119  14:42  SCV  
  119  14:43  SCV  
  119  14:44  SCV  
  122  14:46  SCV  
  123  14:54  SCV, Missile Turret  
  123  14:55  Marauder  
  123  14:56  Cyclone  
  123  14:57  Planetary Fortress, Missile Turret  
  129  15:01  Supply Depot, Cyclone  
  129  15:03  Hellion  
  129  15:05  Marine  
  135  15:09  Starport Tech Lab  
  135  15:14  Refinery  
  135  15:15  Refinery  
  135  15:16  Marine  
  135  15:20  Refinery  
  136  15:22  Refinery  
  136  15:23  Widow Mine  
  136  15:24  Missile Turret  
  136  15:25  Stimpack  
  136  15:27  Supply Depot, Medivac  
  140  15:29  Hellion  
  140  15:34  Marauder, Missile Turret  
  144  15:35  Missile Turret  
  144  15:37  Widow Mine  
  144  15:38  Missile Turret  
  144  15:40  Barracks  
  144  15:41  Marine  
  118  15:50  Hellion  
  118  15:55  Marauder  
  118  15:56  Hellion  
  100  15:57  Refinery, Raven  
  100  15:59  Marine  
  100  16:04  Refinery  
  100  16:06  Siege Tank  
  92  16:11  Siege Tank  
  92  16:14  SCV  
  92  16:17  Hellion, Marine, Marauder  
  84  16:34  Marine  
  84  16:37  Marine  
  84  16:38  SCV, Siege Tank  
  84  16:39  Hellion  
  81  16:40  Viking, SCV  
  81  16:43  SCV  
  83  16:48  Marine  
  83  16:50  SCV  
  83  16:51  Hellion  
  83  16:52  SCV, Marine  
  81  16:56  SCV, Marauder  
  81  16:57  SCV  
  75  17:02  SCV  
  75  17:04  Hellion  
  75  17:05  SCV  
  69  17:10  Viking, Marine, Command Center  
  69  17:13  Siege Tank  
  62  17:17  Marine, Siege Tank  
  62  17:19  SCV  
  62  17:21  SCV  
  65  17:23  Liberator  
  65  17:26  SCV, Hellion  
  53  17:39  Marine  
  53  17:41  Marine  
  54  17:47  Hellion  
  54  17:50  Siege Tank  
  54  17:51  SCV, Hellion  
  56  17:57  Marine  
  54  17:59  Marine  
  54  18:04  Command Center  
  46  18:26  Command Center  
  38  18:38  Barracks  
  37  18:51  SCV  
  37  18:52  Command Center  
  36  19:10  SCV  
  37  19:18  Command Center  
  36  19:30  Supply Depot  
  28  19:43  Command Center  
Tags
 
Add a new tag
Caveats
  • Supply blocks, unpowered buildings, or Contaminate may cause inaccurate times.
  • Supply counts are checked every 10 seconds.